 Dungeon Crawl Stone Soup version 0.31-a0-559-g03b8d61ab2 (webtiles) character file.

Game seed: 16753021035152311126

630 Ethylacetat the Ducker (level 7, -3/48 HPs)
             Began as an Octopode Gladiator on Aug 17, 2023.
             Slain by a gnoll sergeant
             ... wielding a +1 trident of protection
              (16 damage)
             ... on level 5 of the Dungeon.
             The game lasted 00:05:26 (3414 turns).

Ethylacetat the Ducker (Octopode Gladiator)         Turns: 3414, Time: 00:05:27

Health: -3/48      AC:  1    Str: 11 (13) XL:     7   Next: 48%
Magic:  7/7        EV: 20    Int:  9 (10) God:
Gold:   226        SH:  0    Dex: 14 (16) Spells: 6/6 levels left

rFire   . .          .
                       - Unarmed
rCold   . . .        (no shield)
rNeg    . . .        a - +0 hat
rPois   .            (no amulet)
rElec   .            l - +5 ring of evasion
rCorr   .            (no ring)
SInv    .            (no ring)
Will    .....        (no ring)
Stlth   ++           (no ring)
HPRegen 0.28/turn    (no ring)
MPRegen 0.10/turn    (no ring)
                     (no ring)

%: no passive effects
@: invisible
A: almost no armour, amphibious, 8 rings, camouflage 1, gelatinous body 1,
(nimble swimmer 1), tentacles
a: no special abilities


You were on level 5 of the Dungeon.
You visited 1 branch of the dungeon, and saw 5 of its levels.
You also visited: Sewer.

You collected 226 gold pieces.

Inventory:

Missiles
 b - 3 throwing nets (quivered)
 c - 5 javelins
Armour
 a - a +0 hat (worn)
Jewellery
 l - a +5 ring of evasion (left tentacle)
Talismans
 t - a serpent talisman
Wands
 d - a wand of iceblast (4)
Scrolls
 f - a scroll of brand weapon {unknown}
 g - 5 scrolls of identify {unknown}
 h - 5 scrolls of poison {unknown}
 i - a scroll of enchant weapon {unknown}
 j - a scroll of teleportation {unknown}
 m - 2 scrolls of enchant armour {unknown}
 o - 5 scrolls of blinking {unknown}
 q - a scroll of summoning {unknown}
 s - a scroll of torment {unknown}
 u - a scroll of noise {unknown}
Potions
 e - a potion of degeneration
 n - 2 potions of enlightenment
 p - 4 potions of curing
 r - a potion of magic {unknown}


   Skills:
 + Level 4.3 Fighting
 - Level 2.0 Throwing
 + Level 4.8 Dodging
 + Level 4.7 Unarmed Combat
 * Level 3.2 Shapeshifting


You had 6 spell levels left.
You didn't know any spells.
Your spell library contained the following spells:

 Spells                   Type           Power      Damage    Failure   Level
 Shock                    Conj/Air       0%         1d3       38%         1
 Summon Small Mammal      Summ           0%         N/A       38%         1
 Ensorcelled Hibernation  Hex/Ice        0%         N/A       52%         2
 Passwall                 Tmut/Erth      0%         N/A       52%         2
 Sublimation of Blood     Necr           0%         N/A       52%         2
 Call Canine Familiar     Summ           0%         N/A       77%         3
 Summon Guardian Golem    Hex/Summ       0%         N/A       77%         3
 Swiftness                Air            0%         N/A       77%         3
 Airstrike                Air            0%         2d(0-16)  99%         4
 Petrify                  Tmut/Erth      0%         N/A       99%         4
 Irradiate                Conj/Tmut      0%         3d11      100%        5


Dungeon Overview and Level Annotations

Branches:
Dungeon (5/15)              Sewer (visited)
 Temple: D:4-7

Altars:
Kikubaaqudgha
Vehumet
Yredelemnul

Shops:
D:2 *


Innate Abilities, Weirdness & Mutations

You cannot wear most types of armour.
You are amphibious.
You can wear up to eight rings at the same time.
Your skin changes colour to match your surroundings (Stealth+).
Your rubbery body absorbs attacks. (AC +1, EV +1)
((You are camouflaged when in or above water. (Stealth+)))
You have tentacles for arms and can constrict up to eight enemies at once.


Message History

A gnoll comes into view. It is wielding a +1 flail of draining.
A gnoll comes into view. It is wielding a +0 flail.
There are monsters nearby!
A gnoll sergeant comes into view.
It is wielding a +1 trident of protection.
The gnoll sergeant shouts!
The gnoll shouts!
A gnoll comes into view. It is wielding a +0 whip.
There are monsters nearby!
A gnoll comes into view. It is wielding a +0 whip.
There are monsters nearby!
The gnoll sergeant barely misses you.
You tentacle-slap the gnoll sergeant but do no damage.
You grab the gnoll sergeant.
You constrict the gnoll sergeant, but do no damage.
The gnoll sergeant completely misses you.
You completely miss the gnoll sergeant. You squeeze the gnoll sergeant.
The gnoll sergeant is lightly wounded.
You constrict the gnoll sergeant, but do no damage.
The gnoll sergeant hits you with a +1 trident of protection!
Unknown command.
You tentacle-slap the gnoll sergeant but do no damage.
The gnoll sergeant is lightly wounded.
You constrict the gnoll sergeant, but do no damage.
The gnoll sergeant hits you with a +1 trident of protection!
Unknown command.
You tentacle-slap the gnoll sergeant but do no damage.
The gnoll sergeant is lightly wounded.
You constrict the gnoll sergeant, but do no damage.
The gnoll sergeant hits you with a +1 trident of protection!
* * * LOW HITPOINT WARNING * * *
Unknown command.
It was a potion of degeneration.
There was something very wrong with that liquid.
You feel weakened.
You feel dopey.
You feel clumsy.
You constrict the gnoll sergeant, but do no damage.
The gnoll sergeant misses you.
It was a potion of invisibility.
You fade into invisibility!
You constrict the gnoll sergeant, but do no damage.
The gnoll sergeant hits you with a +1 trident of protection!
You die... #### .g. #gg

#g# #g# ##>## # #@#
##...##.###
#.###.....#....
####.##..........
#..!..#........#
###...#........# #
#.#.#......#.#.##
#.#..............
+...............#.##
###+##
#..........#........


You could see a gnoll sergeant (unable to see you) and 4 gnolls.

Vanquished Creatures
  Menkaure (D:3)
  A kobold brigand (Sewer)
  Blork the orc (D:4)
  2 hounds
  An orc priest (D:4)
  An iguana (D:5)
  An orc wizard (D:4)
  A mummy (D:3)
  8 adders
  3 river rats (Sewer)
  2 ufetubi (D:5)
  2 dart slugs (D:1)
  8 orcs
  2 bats
  4 endoplasms (D:1)
  12 giant cockroaches
  4 goblins (D:2)
  9 hobgoblins
  9 jackals
  7 quokkas
  5 ball pythons
  A ball python skeleton (D:3)
  A ball python zombie (D:3)
  4 frilled lizards
  8 kobolds
  10 rats
108 creatures vanquished.

Notes
Turn   | Place    | Note
-------+----------+-------------------------------------------
     0 | D:1      | Ethylacetat the Octopode Gladiator began the quest for the
                  | Orb.
     0 | D:1      | Reached XP level 1. HP: 14/14 MP: 1/1
    98 | D:1      | Reached XP level 2. HP: 19/19 MP: 2/2
   335 | D:1      | Reached XP level 3. HP: 25/25 MP: 3/3
   679 | D:1      | Found a faded altar of an unknown god.
   881 | D:2      | Found Ebbam's Assorted Antiques.
   991 | D:2      | Reached XP level 4. HP: 27/30 MP: 4/4
  1727 | D:3      | Found a transporter.
  1802 | D:3      | Found a transporter.
  1802 | D:3      | Found a basalt altar of Yredelemnul.
  1807 | D:3      | Noticed Menkaure
  1813 | D:3      | Found an ancient bone altar of Kikubaaqudgha.
  1857 | D:4      | Reached XP level 5. HP: 31/36 MP: 5/5
  1876 | D:4      | Reached skill level 1 in Shapeshifting
  2008 | D:4      | Found a glowing drain.
  2035 | Sewer    | Entered a sewer
  2049 | Sewer    | Reached XP level 6. HP: 38/42 MP: 6/6
  2149 | Sewer    | Found a white marble altar of Elyvilon.
  2480 | D:4      | Noticed Blork the orc
  2492 | D:4      | Killed Blork the orc
  2623 | D:4      | Found a radiant altar of Vehumet.
  3061 | D:3      | Killed Menkaure
  3062 | D:3      | Reached XP level 7. HP: 23/48 MP: 7/7
  3183 | D:5      | Entered Level 5 of the Dungeon
  3414 | D:5      | Slain by a gnoll sergeant

Illustrated notes

Levels and vault maps discovered:
D:1:      eino_arrival_water_cross, layout_loops_ring,
          chequers_ecumenical_altar_twisty, minmay_worlds_worst_comb
D:2:      layout_rooms, serial_shops, shop
D:3:      layout_rooms, gammafunk_temple_of_torment
D:4:      layout_basic, general_overflow_altar, serial_forest,
          infiniplex_forest_lined_ring, infiniplex_forest_corner_2,
          infiniplex_forest_lined_4_way, infiniplex_forest_clump_large,
          gup_sewer_entry_pipe, uniq_blork_the_orc
D:5:      layout_loops_ring, mainiacjoe_overflow_catwalk,
          minmay_temple_entry_enclosed_plants, saegor_snake_ambush

Skill      XL: |  1  2  3  4  5  6 |
---------------+-------------------+-----
Fighting       | 3 4 |  4.3
Dodging        | 4 |  4.8
Unarmed Combat | 4 |  4.7
Shapeshifting  | 1 3 |  3.2
Throwing       | |  2.0

Action                     |  1- 3 |  4- 6 |  7- 9 || total
---------------------------+-------+-------+-------++-------
  Melee: Unarmed           |    84 |   124 |    33 ||   241
         Constrict         |    19 |    30 |    11 ||    60
         Tentacles         |    14 |    27 |     9 ||    50
         Punch             |     1 |     7 |     2 ||    10
    Use: Potion            |       |     4 |     2 ||     6
   Stab: Sleeping          |    11 |     6 |       ||    17
         Distracted        |     1 |       |       ||     1
 Armour: Skin              |     3 |     2 |     1 ||     6
  Dodge: Dodged            |    44 |    71 |    25 ||   140

Table legend: (Time is in decaauts)
 A = Elapsed time spent in this place.
 B = Non-inter-level travel time spent in this place.
 C = Inter-level travel time spent in this place.
 D = Time resting spent in this place.
 E = Time spent auto-exploring this place.
 F = Levels seen in this place.
 G = Mean time per level.
                   A        B        C        D        E       F      G
               +--------+--------+--------+--------+--------+-----+--------+
         Total |   3381 |   3150 |    231 |      0 |   2447 |   6 |  563.5 |
       Dungeon |   3225 |   2994 |    231 |      0 |   2338 |   5 |  645.0 |
         Sewer |    156 |    156 |      0 |      0 |    109 |   1 |  156.0 |
               +--------+--------+--------+--------+--------+-----+--------+

Top non-repeatable levels by time:
     D:4: 1070 daAuts
     D:1: 808 daAuts
     D:3: 638 daAuts
     D:2: 480 daAuts
     D:5: 227 daAuts
   Sewer: 156 daAuts
